 Dungeon Crawl Stone Soup version 0.28-a0-514-g0d7ab7f379 (webtiles) character file.

Game seed: 10315734677064095722

23 robertstho the Skirmisher (level 2, 0/40 HPs)
             Began as a Draconian Berserker on Sept 22, 2021.
             Was a Follower of Trog.
             Succumbed to a kobold's poison
             ... on level 2 of the Dungeon.
             The game lasted 00:01:12 (832 turns).

robertstho the Skirmisher (Draconian Berserker)      Turns: 832, Time: 00:01:13

Health: 0/40       AC:  4    Str: 19    XL:     2   Next: 75%
Magic:  2/2        EV: 12    Int:  7    God:    Trog [*.....]
Gold:   5          SH:  0    Dex: 10    Spells: 1/1 levels left

rFire   . . .      SeeInvis .   a - +0 hand axe
rCold   . . .      Faith    .   (no shield)
rNeg    . . .      Spirit   .   (armour unavailable)
rPois   .          Reflect  .   (helmet restricted)
rElec   .          Harm     .   (no cloak)
rCorr   .          Rampage  .   (no gloves)
Will    .....                   (no boots)
Stlth   ..........              (no amulet)
HPRegen 0.13/turn               (no ring)
MPRegen 0.08/turn               (no ring)

@: berserking, lethally poisoned (0 -> -31), very quick
A: AC +4, unfitting armour, cold-blooded
a: Renounce Religion, Berserk


You were on level 2 of the Dungeon.
You worshipped Trog.
Trog was aware of your devotion.
You visited 1 branch of the dungeon, and saw 2 of its levels.

You collected 5 gold pieces.

Inventory:

Hand Weapons
 a - a +0 hand axe (weapon)
Jewellery
 b - a +4 ring of evasion
Scrolls
 c - a scroll of immolation {unknown}
 d - a scroll of identify {unknown}


   Skills:
 * Level 3.8 Fighting
 + Level 3.2 Axes
 * Level 3.0 Dodging


You had one spell level left.
You didn't know any spells.
Your spell library was empty.

Dungeon Overview and Level Annotations

Branches:
Dungeon (2/15)

Altars:


Innate Abilities, Weirdness & Mutations

Your plain brown scales are hard. (AC +4)
You cannot fit into any form of body armour.
You are cold-blooded and may be slowed by cold attacks.


Message History

a hobgoblin corpse; a quokka corpse
Found a ring mail.
A kobold comes into view.
It is wielding a +2 short sword of venom.
The kobold shouts!
A kobold is nearby!
A kobold is nearby!
A ball python comes into view.
A frilled lizard comes into view.
The frilled lizard hisses angrily.
The ball python hisses angrily.
The frilled lizard moves out of view.
Found 28 stones.
A bat comes into view.
The kobold hits you with a +2 short sword of venom.
You are poisoned.
The bat moves out of view.
You closely miss the kobold.
Your tail-slap misses the kobold.
You feel very sick.
The kobold hits you with a +2 short sword of venom.
You are lethally poisoned!
You hit the ball python.
You kill the ball python!
Trog accepts your kill.
You barely miss the kobold.
You feel very sick.
The kobold hits you with a +2 short sword of venom.
* * * LOW HITPOINT WARNING * * *
You are more poisoned.
Okay, then.
You aren't carrying any potions.
A red film seems to cover your vision as you go berserk!
You feel yourself moving faster!
You feel mighty!
* * * LOW HITPOINT WARNING * * *
You feel very sick.
The kobold hits you with a +2 short sword of venom.
* * * LOW HITPOINT WARNING * * *
You are more poisoned.
You slash the kobold!
You kill the kobold!
Trog accepts your kill.
You die...

.. ##....#####.# ...
#.........#.#
....#.####....#.#####
#...#.####..........#
#..........(#.###.#
###................†####
........................
###..[............†#####
.......@.......†.>.#
...b..†)...........# ##
......l#######.....# #<
.####.. .......# ## #.#
###.....# .. ....... ..#
.#....... .(.
#.........#


You could see a bat and a frilled lizard.

Vanquished Creatures
  2 endoplasms
  A giant cockroach (D:1)
  A goblin (D:1)
  3 hobgoblins
  5 kobolds
  A quokka (D:2)
  6 ball pythons
  2 rats (D:1)
21 creatures vanquished.

Notes
Turn   | Place    | Note
-------+----------+-------------------------------------------
     0 | D:1      | robertstho the Draconian Berserker began the quest for the
                  | Orb.
     0 | D:1      | Reached XP level 1. HP: 19/19 MP: 1/1
   363 | D:1      | Reached XP level 2. HP: 26/27 MP: 2/2
   832 | D:2      | Succumbed to a kobold's poison

Illustrated notes

Levels and vault maps discovered:
D:1:      minmay_arrival_shattered_statue, layout_basic, hex_medium
D:2:      layout_basic, basic_altar, minmay_hexomino_p4

Skill      XL: |  1  2 |
---------------+-------+-----
Dodging        | 3 |  3.0
Fighting       | |  3.8
Axes           | |  3.2

Action                   || total
-------------------------++-------
Melee: Hand axe          ||    51
       Tailslap          ||     8
Invok: Berserk           ||     1
Armor: Skin              ||    15
Dodge: Dodged            ||    38

Table legend: (Time is in decaauts)
 A = Elapsed time spent in this place.
 B = Non-inter-level travel time spent in this place.
 C = Inter-level travel time spent in this place.
 D = Time resting spent in this place.
 E = Time spent auto-exploring this place.
 F = Levels seen in this place.
 G = Mean time per level.
                   A        B        C        D        E       F      G
               +--------+--------+--------+--------+--------+-----+--------+
         Total |    839 |    828 |     11 |      0 |    695 |   2 |  419.5 |
       Dungeon |    839 |    828 |     11 |      0 |    695 |   2 |  419.5 |
               +--------+--------+--------+--------+--------+-----+--------+

Top non-repeatable levels by time:
     D:1: 651 daAuts
     D:2: 187 daAuts
